 Dungeon Crawl Stone Soup version 0.28-a0-1629-gf728b707aa (webtiles) character file.

Game seed: 10043621204399362049

693 Ajdolov the Spear-Bearer (level 7, -4/62 HPs)
             Began as a Naga Monk on Jan 25, 2022.
             Slain by an ogre (12 damage)
             ... on level 5 of the Dungeon.
             The game lasted 00:06:01 (4538 turns).

Ajdolov the Spear-Bearer (Naga Monk)                Turns: 4538, Time: 00:06:02

Health: -4/62      AC:  5    Str: 13    XL:     7   Next: 64%
Magic:  7/7        EV: 11    Int: 13    God:
Gold:   138        SH:  0    Dex: 13    Spells: 6/6 levels left

rFire   . . .      SeeInvis +   a - +0 spear
rCold   . . .      Faith    .   (no shield)
rNeg    . . .      Spirit   .   c - +0 scale mail
rPois   +          Reflect  .   (helmet restricted)
rElec   .          Harm     .   (no cloak)
rCorr   .          Rampage  .   (no gloves)
Will    .....      Clarity  +   (no barding)
Stlth   +.........              (no amulet)
HPRegen 0.20/turn               g - +4 ring of slaying
MPRegen 0.10/turn               i - +4 ring of evasion

@: short of breath, very slow
A: AC +2, large, see invisible, deformed body, poison resistance, slowness 2,
spit poison 1, naga tail 1, antennae 1, clarity
a: Spit Poison


You were on level 5 of the Dungeon.
You visited 1 branch of the dungeon, and saw 5 of its levels.

You collected 138 gold pieces.

Inventory:

Hand Weapons
 a - a +0 spear (weapon)
Armour
 b - a +0 robe
 c - a +0 scale mail (worn)
 k - a +0 chain mail
Jewellery
 g - a +4 ring of slaying (left hand)
 i - a +4 ring of evasion (right hand)
Wands
 e - a wand of iceblast (1)
 f - a wand of flame (18)
Scrolls
 d - a scroll of teleportation {unknown}
 l - a scroll of identify {unknown}
 m - a scroll of immolation {unknown}
 n - a scroll of fear {unknown}
 o - a scroll of blinking {unknown}
 q - a scroll of brand weapon {unknown}
Potions
 j - a potion of haste
 p - a potion of curing {unknown}


   Skills:
 + Level 3.4 Fighting
 * Level 8.5 Polearms
 - Level 2.4 Dodging
 - Level 3.0 Stealth


You had 6 spell levels left.
You didn't know any spells.
Your spell library contained the following spells:

 Spells                   Type           Power      Damage    Failure   Level
 Confusing Touch          Hex            0%         N/A       99%         3
 Yara's Violent Unravell  Hex/Tmut       0%         3d3       100%        5
 Enfeeble                 Hex            0%         N/A       100%        7


Dungeon Overview and Level Annotations

Branches:
Dungeon (5/15)
 Temple: D:4-7

Altars:
Wu Jian
Yredelemnul


Innate Abilities, Weirdness & Mutations

Your serpentine skin is tough. (AC +2)
You have supernaturally acute eyesight. (SInv)
Armour fits poorly on your strangely shaped body.
Your system is resistant to poisons. (rPois)
You cover ground very slowly.
You can spit poison.
You have a snake-like lower body.
You have a pair of small antennae on your head.
You possess an exceptional clarity of mind.


Message History

The scorpion barely misses you.
You barely miss the scorpion.
The scorpion is severely wounded.
The scorpion stings you.
You hit the scorpion.
You kill the scorpion!
No target in view!
HP restored.
You now have 138 gold pieces (gained 11).
An ogre comes into view. It is wielding a +0 giant club.
Found 4 large rocks.
The ogre shouts!
Aiming: Spit Poison (1% risk of failure)
Press: ? - help, Shift-Dir - straight line, f - ogre
Aim: an ogre, wielding a +0 giant club (81% to hit)
The splash of poison misses the ogre.
You reach to attack!
You barely miss the ogre. You barely miss the ogre.
You have got your breath back.
The ogre hits you with a +0 giant club!!
You hit the ogre.
The ogre is moderately wounded.
You hit the ogre.
The ogre is moderately wounded.
The ogre hits you with a +0 giant club!
You puncture the ogre!
The ogre is severely wounded.
You barely miss the ogre.
The ogre is severely wounded.
The ogre hits you with a +0 giant club!!
* * * LOW HITPOINT WARNING * * *
Aiming: Spit Poison (1% risk of failure)
Press: ? - help, Shift-Dir - straight line, f/p - ogre
Aim: an ogre, wielding a +0 giant club (severely wounded, 81% to hit)
The splash of poison hits the ogre.
The ogre is severely wounded.
It was a potion of mutation.
You feel extremely strange. A pair of antennae grows on your head!
Your thoughts seem clearer.
The ogre hits you with a +0 giant club!
You die...

##. .( ..
##. .O .#
######.#
#..@O..#
#####.######
#.......#
#.##....#
#.##....#
#.##.†..#
#.##....#
#...<...#
####...##


You could see an ogre.

Vanquished Creatures
  Sigmund (D:3)
  A black bear (D:4)
  A necrophage (D:4)
  A scorpion (D:5)
  A water moccasin skeleton (D:4)
  A hound (D:4)
  Natasha (thrice) (D:3)
  Terence (D:2)
  4 adders
  A worm (D:2)
  2 dart slugs
  5 orcs
  7 ball pythons
  8 endoplasms
  4 giant cockroaches
  9 goblins
  12 hobgoblins
  6 jackals (D:3)
  A quokka (D:1)
  3 bats
  10 frilled lizards
  8 kobolds
  9 rats
99 creatures vanquished.

Notes
Turn   | Place    | Note
-------+----------+-------------------------------------------
     0 | D:1      | Ajdolov the Naga Monk began the quest for the Orb.
     0 | D:1      | Reached XP level 1. HP: 21/21 MP: 1/1
   263 | D:1      | Reached XP level 2. HP: 26/28 MP: 2/2
   352 | D:1      | You fall into a shaft and drop 1 floor!
   578 | D:2      | Reached skill level 4 in Polearms
   578 | D:2      | Reached XP level 3. HP: 21/34 MP: 3/3
  1241 | D:2      | Reached XP level 4. HP: 42/42 MP: 4/4
  1300 | D:2      | Noticed Terence
  1321 | D:2      | Killed Terence
  1322 | D:2      | Reached skill level 5 in Polearms
  1896 | D:2      | Found a basalt altar of Yredelemnul.
  2493 | D:3      | Noticed Sigmund
  2590 | D:3      | Noticed Natasha
  2597 | D:3      | Killed Natasha
  2598 | D:3      | Reached XP level 5. HP: 14/49 MP: 5/5
  2849 | D:3      | Noticed Natasha
  2854 | D:3      | Killed Natasha
  2920 | D:3      | Noticed Natasha
  2926 | D:3      | Killed Natasha
  2927 | D:3      | Reached skill level 6 in Polearms
  3109 | D:3      | Killed Sigmund
  3110 | D:3      | Reached skill level 7 in Polearms
  3110 | D:3      | Reached XP level 6. HP: 56/56 MP: 6/6
  3508 | D:4      | Reached XP level 7. HP: 49/62 MP: 7/7
  3627 | D:4      | Found an ornate altar of the Wu Jian Council.
  3764 | D:4      | Reached skill level 8 in Polearms
  4477 | D:5      | Entered Level 5 of the Dungeon
  4538 | D:5      | Gained mutation: You have a pair of small antennae on your
                  | head. [potion of mutation]
  4538 | D:5      | Gained mutation: You possess an exceptional clarity of
                  | mind. [potion of mutation]
  4538 | D:5      | Slain by an ogre

Illustrated notes

Levels and vault maps discovered:
D:1:      lemuel_arrival_funnel, layout_rooms
D:2:      layout_basic, basic_altar, serial_curves, eino_curves_02,
          eino_curves_04, minmay_misc_feat_tower, minmay_vboxes, uniq_terence
D:3:      layout_loops_ring, uniq_natasha, uniq_sigmund
D:4:      layout_basic, nzn_wu_jian_contemplation, kennysheep_generic_room_4
D:5:      layout_loops_corners, kennysheep_generic_room_3

Skill      XL: |  1  2  3  4  5  6  7 |
---------------+----------------------+-----
Polearms       | 4 5 7 8 |  8.5
Fighting       | |  3.4
Dodging        | |  2.4
Stealth        | |  3.0

Action                   |  1- 3 |  4- 6 |  7- 9 || total
-------------------------+-------+-------+-------++-------
Melee: Spear             |   111 |   149 |    74 ||   334
       Punch             |       |     3 |       ||     3
 Abil: Spit Poison       |     3 |     1 |     3 ||     7
Evoke: Wand              |       |     2 |       ||     2
  Use: Potion            |       |     2 |     1 ||     3
Armor: Scale mail        |    20 |    29 |    12 ||    61
       Skin              |       |     4 |       ||     4
Dodge: Dodged            |    28 |    36 |    26 ||    90

Table legend: (Time is in decaauts)
 A = Elapsed time spent in this place.
 B = Non-inter-level travel time spent in this place.
 C = Inter-level travel time spent in this place.
 D = Time resting spent in this place.
 E = Time spent auto-exploring this place.
 F = Levels seen in this place.
 G = Mean time per level.
                   A        B        C        D        E       F      G
               +--------+--------+--------+--------+--------+-----+--------+
         Total |   5520 |   5301 |    219 |    933 |   3669 |   5 | 1104.0 |
       Dungeon |   5520 |   5301 |    219 |    933 |   3669 |   5 | 1104.0 |
               +--------+--------+--------+--------+--------+-----+--------+

Top non-repeatable levels by time:
     D:2: 2028 daAuts
     D:4: 1369 daAuts
     D:3: 1170 daAuts
     D:1: 889 daAuts
     D:5: 63 daAuts
